 Dungeon Crawl Stone Soup version 0.21.1-1-g345015f (webtiles) character file.

84 LittleStrapony the Slasher (level 4, 0/39 HPs)
             Began as a Minotaur Chaos Knight on July 30, 2018.
             Slain by an iguana (6 damage)
             ... on level 3 of the Dungeon.
             The game lasted 00:09:38 (1404 turns).

LittleStrapony the Slasher (Minotaur Chaos Knight)  Turns: 1404, Time: 00:09:40

Health: 0/39       AC:  8    Str: 18      XL:     4   Next: 23%
Magic:  3/3        EV:  4    Int:  9      God:    Xom [....*.]
Gold:   126        SH:  7    Dex: 10 (11) Spells: 3/3 levels left

rFire    . . .     SeeInvis .   a - +0 falchion (chaos)
rCold    . . .     Gourm    .   h - +0 shield
rNeg     . . .     Faith    .   p - +0 chain mail
rPois    .         Spirit   .   (helmet restricted)
rElec    .         Reflect  .   (no cloak)
rCorr    .         Harm     .   (no gloves)
MR       .....                  (no boots)
Stlth    ..........             k - amulet of rage
HPRegen  0.13/turn              (no ring)
MPRegen  0.08/turn              (no ring)

@: no status effects
A: retaliatory headbutt, horns 2, thin skeletal structure 1, deterioration 1, no
potion heal 1
a: Renounce Religion, Evoke Berserk Rage


You were on level 3 of the Dungeon.
You worshipped Xom.
You were a beloved toy of Xom.
You were not hungry.

You visited 1 branch of the dungeon, and saw 3 of its levels.

You collected 126 gold pieces.

Inventory:

Hand Weapons
 a - a +0 falchion of chaos (weapon)
Armour
 b - a +2 leather armour
 h - a +0 shield (worn)
 p - a +0 chain mail (worn)
Jewellery
 k - an amulet of rage (around neck)
Scrolls
 d - a scroll of teleportation
 e - a scroll of fear {unknown}
 f - 3 scrolls of identify
 g - a scroll of blinking
 i - a scroll of remove curse
 l - a scroll of noise {unknown}
 n - a scroll of immolation {unknown}
 o - a scroll of amnesia
 q - a scroll of magic mapping {unknown}
Potions
 j - a potion of flight {unknown}
 m - a potion of heal wounds {unknown}
 r - a potion of brilliance {unknown}
 s - a potion of berserk rage {unknown}
 t - 2 potions of might {unknown}
Comestibles
 c - 6 rations


   Skills:
 - Level 3.6 Fighting
 + Level 6.2 Long Blades
 - Level 2.4 Armour
 - Level 1.1 Dodging


You had 3 spell levels left.
You didn't know any spells.

Dungeon Overview and Level Annotations

Branches:
Dungeon (3/15)

Altars:
Xom
The Shining One


Innate Abilities, Weirdness & Mutations

You reflexively headbutt those who attack you in melee.
You have a pair of horns on your head.
You have a somewhat thin skeletal structure. (Dex +2, Stealth)
Your body sometimes deteriorates upon taking damage.
Potions are less effective at restoring your health.


Message History

The iguana bites you but does no damage.
You closely miss the iguana.
The iguana is severely wounded.
The iguana bites you but does no damage.
You block the iguana's attack.
You closely miss the iguana.
The iguana is severely wounded.
The iguana bites you! The iguana bites you.
* * * LOW HITPOINT WARNING * * *
Your body deteriorates!
You feel clumsy.
You closely miss the iguana.
The iguana is severely wounded.
The iguana bites you.
* * * LOW HITPOINT WARNING * * *
You closely miss the iguana. You headbutt the iguana.
The iguana is almost dead.
The iguana bites you but does no damage.
The iguana bites you.
You die... "What!?
That's it?"

..# ..# #.. #.. #...#
#.# #...# #.# ###...#
#.# ..... #.####.###
#... #$........
#.###########@##.....
#......†....#l#......
##.(####..........<.$.
##.....................
##...#..########.##.....
....##..# #.# #...#
....#....# #.# ####
###...##..# .r.
###....##.#


sr. You could see an iguana and a rat (confused).

Vanquished Creatures
  2 adders (D:2)
  An ooze (D:3)
  3 worms
  A dart slug (D:1)
  2 leopard geckos (D:1)
  5 giant cockroaches
  6 goblins
  7 hobgoblins
  4 jackals (D:2)
  3 bats
  2 frilled lizards
  3 kobolds
  7 rats
46 creatures vanquished.

Notes
Turn   | Place    | Note
-------+----------+-------------------------------------------
     0 | D:1      | LittleStrapony the Minotaur Chaos Knight began the quest for the Orb.
     0 | D:1      | Reached XP level 1. HP: 19/19 MP: 0/0
   101 | D:1      | Reached skill level 4 in Long Blades
   240 | D:1      | Reached XP level 2. HP: 26/26 MP: 1/1
   333 | D:1      | You fall through a shaft!
   333 | D:2      | XOM: stealth player
   422 | D:2      | XOM: silly message
   439 | D:2      | Found a glowing golden altar of the Shining One.
   478 | D:2      | Reached skill level 5 in Long Blades
   496 | D:2      | Reached XP level 3. HP: 31/31 MP: 2/2
   719 | D:2      | XOM: god gift: 37 gold pieces
   857 | D:2      | XOM: harmless Tloc miscast
  1181 | D:2      | XOM: scenery: create altars
  1187 | D:2      | Reached XP level 4. HP: 38/39 MP: 3/3
  1215 | D:2      | XOM: god gift: scroll labeled FITEBRA QATZY {god gift}
  1251 | D:3      | Reached skill level 6 in Long Blades
  1270 | D:3      | XOM: 7-stop teleportation journey
  1282 | D:3      | XOM: give mutations
  1282 | D:3      | Gained mutation: Your body sometimes deteriorates upon taking damage. [Xom's mischief]
  1282 | D:3      | Gained mutation: Potions are less effective at restoring your health. [Xom's mischief]
  1282 | D:3      | Gained mutation: You have a somewhat thin skeletal structure. (Dex +2, Stealth) [Xom's mischief]
  1377 | D:3      | XOM: confuse monster(s)
  1404 | D:3      | Slain by an iguana

Skill      XL: |  1  2  3  4 |
---------------+-------------+-----
Long Blades    | 4 5 6 |  6.2
Fighting       | |  3.6
Armour         | |  2.4
Dodging        | |  1.1

Action                   |  1- 3 |  4- 6 || total
-------------------------+-------+-------++-------
Melee: Falchion          |    94 |    29 ||   123
       Headbutt          |    11 |     3 ||    14
  Use: Scroll            |       |     4 ||     4
  Eat: Ration            |     1 |       ||     1
Armor: Leather armour    |    44 |     3 ||    47
       Chain mail        |       |     6 ||     6
Dodge: Dodged            |    25 |     7 ||    32
Block: Shield            |    28 |    10 ||    38
       Rpst.: Falchion   |     5 |     1 ||     6
